 Dungeon Crawl Stone Soup version 0.30-a0-782-ge64f9170bb (webtiles) character file.

Game seed: 18215259821939613328

101 tilp the Slasher (level 5, -12/46 HPs)
             Began as a Meteoran Fighter on Mar 9, 2023.
             Killed by divine providence
             ... invoked by an orc priest
              (17 damage)
             ... on level 3 of the Dungeon.
             The game lasted 00:03:02 (686 turns).

tilp the Slasher (Meteoran Fighter)                  Turns: 686, Time: 00:03:03

Health: -12/46     AC:  6    Str: 17    XL:     5   Next: 26%
Magic:  6/6        EV: 10    Int: 10    God:
Gold:   121        SH:  5    Dex: 15    Spells: 4/4 levels left

rFire   . . .      SeeInvis .    a - +0 long sword
rCold   . . .      Faith    .    c - +0 buckler
rNeg    . . .      Spirit   .    b - +0 scale mail
rPois   .          Reflect  .    (no helmet)
rElec   .          Harm     .    (no cloak)
rCorr   .          Rampage  .    (no gloves)
Will    .....                    (no boots) Stlth
                                 (no amulet)
HPRegen 0.27/turn                (no ring)
MPRegen 0.10/turn                (no ring)

@: glowing
A: sense surroundings 1, otherworldly, glowing, explore regen
a: no special abilities


You were on level 3 of the Dungeon.
You visited 1 branch of the dungeon, and saw 4 of its levels.

You collected 121 gold pieces.

Inventory:

Hand Weapons
 a - a +0 long sword (weapon)
Missiles
 f - 16 stones (quivered)
Armour
 b - a +0 scale mail (worn)
 c - a +0 buckler (worn)
Scrolls
 h - a scroll of vulnerability {unknown}
Potions
 d - a potion of might
 e - a potion of heal wounds {unknown}
 i - a potion of lignification
 j - a potion of resistance
 k - a potion of flight


   Skills:
 - Level 4.0 Fighting
 * Level 4.7 Long Blades
 - Level 3.6 Armour
 - Level 2.0 Dodging
 - Level 3.6 Shields


You had 4 spell levels left.
You didn't know any spells.
Your spell library was empty.

Dungeon Overview and Level Annotations

Branches:
Dungeon (4/15) Zot: 1687
 Temple: D:4-7

Altars:


Innate Abilities, Weirdness & Mutations

You passively map a small area around you.
You are easily found by Zot.
You glow in the dark.
You regain HP and MP as you explore.


Message History

You hear some strange, mumbled words.
A magic dart appears from out of thin air!
The magic dart hits you.
* * * LOW HITPOINT WARNING * * *
Something completely misses you.
You closely miss something.
The orc priest looks braver for a moment.
You hear some strange, mumbled words.
Something tries to affect you, but you resist.
You miss something. Something hits you but does no damage.
You closely miss something. You block something's attack.
You miss something. Something hits you but does no damage.
You hit something. Something hits you but does no damage.
The orc priest casts a cantrip, but nothing happens.
Something hits you but does no damage.
You slash something!
An orc wizard appears from thin air!
Reactivating autopickup.
You block the orc wizard's attack.
You completely miss the orc wizard.
The orc wizard is severely wounded.
The orc priest calls down the wrath of Beogh upon you.
Beogh smites you!
* * * LOW HITPOINT WARNING * * *
The orc wizard hits you but does no damage.
You barely miss the orc wizard.
The orc wizard is severely wounded.
You block the orc wizard's attack. The orc wizard barely misses you.
You hit the orc wizard but do no damage.
The orc wizard is severely wounded.
The orc priest looks encouraged for a moment.
The orc wizard hits you but does no damage.
You hit the orc wizard.
You kill the orc wizard!
You have reached level 5!
You closely miss the orc priest. The orc priest hits you with a +0 club.
* * * LOW HITPOINT WARNING * * *
You barely miss the orc priest.
The orc priest mumbles some strange prayers to Beogh against you.
Beogh smites you!
You die...

, ,* * * . .# #
#########. , , , #.#
#.#......... , ,,
,#.# #.#.###....# ,,
#.###..........+ , ,
#.#...#.###....# , ,
.>+...+......###
,#####.#...#.####.###
,#..@oo..#.#.# #....
,#.###.#.#...########
.#.#...#.......#
#.....#o....†...#
#.....'.........#
#..(..#.........#
#...)...........#
##..............#
#.............<#


You could see an orc priest and an orc.

Vanquished Creatures
  A jelly (D:3)
  An orc wizard (D:3)
  2 adders
  2 worms
  2 orcs (D:3)
  An endoplasm (D:1)
  2 goblins (D:2)
  A hobgoblin (D:2)
  3 quokkas
  2 ball pythons
  A bat (D:3)
  A frilled lizard (D:1)
  2 kobolds
  A rat (D:3)
22 creatures vanquished.

Notes
Turn   | Place    | Note
-------+----------+-------------------------------------------
     0 | D:1      | tilp the Meteoran Fighter began the quest for the Orb.
     0 | D:1      | Reached XP level 1. HP: 19/19 MP: 2/2
    31 | D:2      | Reached skill level 1 in Dodging
    31 | D:2      | Reached XP level 2. HP: 20/26 MP: 3/3
   147 | D:2      | Reached XP level 3. HP: 26/31 MP: 4/4
   311 | D:3      | Reached XP level 4. HP: 35/40 MP: 5/5
   685 | D:3      | Reached XP level 5. HP: 9/46 MP: 6/6
   686 | D:3      | Killed from afar by an orc priest

Illustrated notes

Levels and vault maps discovered:
D:1:      matt_arrival_grand_opening, layout_rooms,
          dilly_ecumenical_altar_fadedgnrine, chequers_serial_rivers_marsh,
          st_stairs_13
D:2:      layout_basic
D:3:      layout_basic
D:4:      layout_loops_corners

Skill      XL: |  1  2  3  4 |
---------------+-------------+-----
Long Blades    | 3 4 |  4.7
Dodging        | 1 2 |  2.0
Fighting       | 4 |  4.0
Armour         | |  3.6
Shields        | |  3.6

Action                     |  1- 3 |  4- 6 || total
---------------------------+-------+-------++-------
  Melee: Long sword        |    52 |    42 ||    94
  Throw: Stone             |     1 |       ||     1
    Use: Scroll            |       |     4 ||     4
         Potion            |       |     1 ||     1
 Armour: Scale mail        |    23 |    14 ||    37
  Dodge: Dodged            |     9 |     7 ||    16
  Block: Buckler           |    12 |     8 ||    20

Table legend: (Time is in decaauts)
 A = Elapsed time spent in this place.
 B = Non-inter-level travel time spent in this place.
 C = Inter-level travel time spent in this place.
 D = Time resting spent in this place.
 E = Time spent auto-exploring this place.
 F = Levels seen in this place.
 G = Mean time per level.
                   A        B        C        D        E       F      G
               +--------+--------+--------+--------+--------+-----+--------+
         Total |    711 |    607 |    104 |      0 |      0 |   4 |  177.8 |
       Dungeon |    711 |    607 |    104 |      0 |      0 |   4 |  177.8 |
               +--------+--------+--------+--------+--------+-----+--------+

Top non-repeatable levels by time:
     D:3: 449 daAuts
     D:2: 219 daAuts
     D:4: 24 daAuts
     D:1: 17 daAuts
